 Dungeon Crawl Stone Soup version 0.31-a0-1308-ga3cce3a448 (webtiles) character file.

Game seed: 15436646058151486943

2748502 MackTheKnife the Impregnable (level 25, 214/214 (217) HPs)
             Began as an Armataur Reaver on Dec 19, 2023.
             Was an Initiate of Gozag.
             Escaped with the Orb
             ... and 4 runes!
             The game lasted 01:43:44 (52379 turns).

MackTheKnife the Impregnable (Armataur Reaver)     Turns: 52379, Time: 01:43:44

HP:   214/214 (217) AC: 54    Str: 25    XL:     25   Next: 27%
MP:   25/25         EV:  9    Int: 10    God:    Gozag
Gold: 709           SH: 31    Dex: 24    Spells: 24/27 levels left

rFire   + + +        y - +8 broad axe of the First Friars {freeze, ^Drain rElec rF+ Str+2, axe}
rCold   + + .        K - +6 tower shield
rNeg    . . .        S - +9 scales of the Dragon King {rPois rF+ rC+ Will+}
rPois   +            z - +2 hat
rElec   +            n - +1 cloak of the Summoning Gods {rElec rC+ Regen+ Stlth+}
rCorr   .            Y - +2 pair of gloves
SInv    .            u - +0 barding "Ydomaodu" {rF+}
Will    +++..        C - amulet "Naethrat" {Spirit rF+ Regen+ Slay+2 Stlth+} Stlth
                     V - ring of Immorality {Will+ Dex+5}
HPRegen 2.15/turn    O - ring "Geaw" {+Blink rElec AC+4 Int-4 Dex+4}
MPRegen 0.19/turn

%: guardian spirit, roll
@: hasted, studying 3 skills, lightly drained, very quick
A: large, deformed body, tough skin 3, armoured tail, roll 2, long tongue,
antennae 1, hooves 1, iridescent scales 1, mutation resistance 1
0: Orb of Zot
}: 4/15 runes: barnacled, slimy, silver, gossamer
a: Renounce Religion, Evoke Blink, Potion Petition, Call Merchant, Bribe Branch


You escaped.
You worshipped Gozag.
Gozag was pleased with you.
You visited 10 branches of the dungeon, and saw 52 of its levels.
You also visited: Trove, Gauntlet, Ice Cave and Desolation.

You collected 25863 gold pieces.
You spent 5678 gold pieces at shops.
You paid 19476 gold pieces to Gozag.


Innate Abilities, Weirdness & Mutations

Armour fits poorly on your strangely shaped body.
You have extremely tough skin. (AC +3)
You have a long armoured tail.
You regenerate magic and health when rolling toward enemies. (Rampage Regen)
Your long tongue fully drains potion bottles. (2x potion effects)
You have a pair of small antennae on your head.
You have large cloven feet.
You are partially covered in iridescent scales. (AC +2)
You are somewhat resistant to further mutation.


   Skills:
 - Level 22.0 Fighting
 - Level 15.6(18.0) Axes
 - Level 16.0(19.0) Maces & Flails
 + Level 24.3 Armour
 - Level 12.0 Dodging
 - Level 3.0 Stealth
 - Level 22.0 Shields
 - Level 1.7 Spellcasting
 - Level 2.6 Conjurations
 - Level 2.0 Translocations
 - Level 10.0 Evocations


You had 24 spell levels left.
You knew the following spells:

 Your Spells              Type           Power      Damage    Failure   Level
a - Kiss of Death         Conj/Necr      12%        2d6       94%         1
b - Momentum Strike       Conj/Tloc      10%        3d8       94%         2

Your spell library contained the following spells:

 Spells                   Type           Power      Damage    Failure   Level
 Apportation              Tloc           8%         N/A       88%         1
 Blink                    Tloc           8%         N/A       96%         2
 Lesser Beckoning         Tloc           8%         N/A       96%         2
 Static Discharge         Conj/Air       6%         3-4/arc   98%         2
 Freeze                   Ice            0%         1d3       99%         1
 Slow                     Hex            0%         N/A       99%         1
 Summon Small Mammal      Summ           0%         N/A       99%         1
 Gell's Gravitas          Tloc           4%         N/A       99%         3
 Teleport Other           Tloc           4%         N/A       99%         3
 Jinxbite                 Hex            0%         N/A       100%        2
 Passwall                 Tmut/Erth      0%         N/A       100%        2
 Poisonous Vapours        Pois/Air       0%         N/A       100%        2
 Scorch                   Fire           0%         2d5       100%        2
 Sublimation of Blood     Necr           0%         N/A       100%        2
 Wereblood                Tmut           0%         N/A       100%        2
 Confusing Touch          Hex            0%         N/A       100%        3
 Dazzling Flash           Conj/Hex       6%         N/A       100%        3
 Frozen Ramparts          Ice            0%         1d1       100%        3
 Hailstorm                Conj/Ice       3%         3d5       100%        3
 Ignite Poison            Fire/Tmut/Pois 0%         N/A       100%        3
 Inner Flame              Hex/Fire       0%         N/A       100%        3
 Mephitic Cloud           Conj/Pois/Air  2%         N/A       100%        3
 Ozocubu's Armour         Ice            0%         N/A       100%        3
 Sigil of Binding         Hex            0%         N/A       100%        3
 Swiftness                Air            0%         N/A       100%        3
 Tukima's Dance           Hex            0%         N/A       100%        3
 Vampiric Draining        Necr           0%         2d6       100%        3
 Airstrike                Air            0%         2d(0-16)  100%        4
 Anguish                  Hex/Necr       0%         N/A       100%        4
 Brom's Barrelling Bould  Conj/Erth      3%         2d3       100%        4
 Dimensional Bullseye     Hex/Tloc       1%         N/A       100%        4
 Flame Wave               Conj/Fire      3%         2d5       100%        4
 Fulminant Prism          Conj/Hex       1%         3d5       100%        4
 Iskenderun's Mystic Bla  Conj/Tloc      5%         2d3       100%        4
 Leda's Liquefaction      Tmut/Erth      0%         N/A       100%        4
 Manifold Assault         Tloc           4%         N/A       100%        4
 Olgreb's Toxic Radiance  Pois           0%         N/A       100%        4
 Passage of Golubria      Tloc           4%         N/A       100%        4
 Petrify                  Tmut/Erth      0%         N/A       100%        4
 Sticky Flame             Conj/Fire      3%         2d3       100%        4
 Summon Ice Beast         Ice/Summ       0%         N/A       100%        4
 Summon Lightning Spire   Summ/Air       0%         N/A       100%        4
 Vhi's Electric Charge    Tloc/Air       4%         N/A       100%        4
 Agony                    Necr           0%         N/A       100%        5
 Alistair's Intoxication  Tmut/Pois      0%         N/A       100%        5
 Arcjolt                  Conj/Air       1%         1d11      100%        5
 Borgnjor's Vile Clutch   Necr/Erth      0%         N/A       100%        5
 Fireball                 Conj/Fire      1%         3d3       100%        5
 Irradiate                Conj/Tmut      1%         3d12      100%        5
 Iskenderun's Battlesphe  Conj           6%         2d6       100%        5
 Silence                  Hex/Air        0%         N/A       100%        5
 Yara's Violent Unravell  Hex/Tmut       0%         3d3       100%        5
 Conjure Ball Lightning   Conj/Air       1%         3x3d6     100%        6
 Death Channel            Necr           0%         N/A       100%        6
 Dispersal                Tloc           2%         N/A       100%        6
 Eringya's Noxious Bog    Tmut/Pois      0%         4d6       100%        6
 Summon Cactus Giant      Summ           0%         N/A       100%        6
 Enfeeble                 Hex            0%         N/A       100%        7
 Haunt                    Necr/Summ      0%         N/A       100%        7
 Malign Gateway           Summ/Tloc      1%         N/A       100%        7
 Orb of Destruction       Conj           3%         9d5       100%        7
 Ozocubu's Refrigeration  Ice            0%         4d7       100%        7
 Summon Hydra             Summ           0%         N/A       100%        7
 Borgnjor's Revivificati  Necr           0%         N/A       100%        8
 Discord                  Hex            0%         N/A       100%        8
 Disjunction              Tloc           2%         N/A       100%        8
 Ignition                 Fire           0%         3d3       100%        8
 Infestation              Necr           0%         N/A       100%        8
 Maxwell's Capacitive Co  Air            0%         โˆž       100%        8
 Summon Horrible Things   Summ           0%         N/A       100%        8
 Chain Lightning          Conj/Air       1%         3d2       100%        9
 Death's Door             Necr           0%         N/A       100%        9
 Dragon's Call            Summ           0%         N/A       100%        9
 Animate Dead             Necr           Unusable   N/A       N/A         4
 Simulacrum               Ice/Necr       Unusable   N/A       N/A         6

Inventory:

Hand Weapons
 h - the +8 lance "Wyrmbane" {slay drac, rPois rF+ rC+ AC+3}
   (You took it off a deep elf elementalist on level 3 of the Elven Halls)

   AC+3:      It affects your AC (+3).
   rF+:       It protects you from fire.
   rC+:       It protects you from cold.
   rPois:     It protects you from poison
 y - the +8 broad axe of the First Friars (weapon) {freeze, ^Drain rElec rF+ Str+2, axe}
   (You found it on level 4 of the Shoals)

   Str+2:     It affects your strength (+2).
   rF+:       It protects you from fire.
   rElec:     It insulates you from electricity.
   ^Drain:    It drains your maximum health when unequipped.
Armour
 f - a +2 helmet of see invisible
   (You found it on level 1 of the Vaults)
 n - the +1 cloak of the Summoning Gods (worn) {rElec rC+ Regen+ Stlth+}
   (You found it on level 5 of the Lair of Beasts)

   rC+:       It protects you from cold.
   rElec:     It insulates you from electricity.
   Regen+:    It increases your rate of health regeneration.
   Stlth+:    It makes you more stealthy.
 o - a +0 tower shield of protection
   (You took it off a demonspawn warmonger on level 13 of the Dungeon)
 u - the +0 barding "Ydomaodu" (worn) {rF+}
   (You acquired it on level 12 of the Dungeon)

   rF+:       It protects you from fire.
 z - a +2 hat (worn)
   (You found it on level 3 of the Elven Halls)
 F - the +1 pair of gloves of Wrong Decisions {rElec rPois rF+++ Dex-2}
   (You bought it in a shop on level 2 of the Lair of Beasts)

   Dex-2:     It affects your dexterity (-2).
   rF+++:     It renders you almost immune to fire.
   rElec:     It insulates you from electricity.
   rPois:     It protects you from poison
 K - a +6 tower shield (worn)
   (You took it off Louise on level 1 of the Shoals)
 S - the +9 scales of the Dragon King (worn) {rPois rF+ rC+ Will+}
   (You bought it in a shop on level 2 of the Orcish Mines)

   rF+:       It protects you from fire.
   rC+:       It protects you from cold.
   rPois:     It protects you from poison Will+: It increases your willpower.
 Y - a +2 pair of gloves (worn)
   (You found it on level 2 of the Lair of Beasts)
Jewellery
 d - the amulet of Ebez {rPois rC+ Will+++ Regen+ Dex-4}
   (You found it in the Desolation of Salt)

   [amulet of regeneration]

   Dex-4:     It affects your dexterity (-4).
   rC+:       It protects you from cold.
   rPois:     It protects you from poison Will+++: It greatly increases your
   willpower.
   Regen+:    It increases your rate of health regeneration.
 g - the ring "Tyinucw" {rCorr SInv}
   (You found it in the Desolation of Salt)

   [ring of see invisible]

   SInv:      It lets you see invisible.
   rCorr:     It protects you from acid and corrosion.
 k - the ring of Utiokeal {Wiz Will+ Stlth+}
   (You found it in a Gauntlet)

   [ring of wizardry]

   Wiz:       It improves your spell success rate.
   Will+:     It increases your willpower.
   Stlth+:    It makes you more stealthy.
 r - a ring of flight
   (You took it off a deep elf elementalist on level 3 of the Elven Halls)
 s - the ring of Xafentug {+Blink rF+ rCorr EV+5}
   (You found it in a treasure trove)

   [ring of evasion]

   EV+5:      It affects your evasion (+5).
   rF+:       It protects you from fire.
   +Blink:    It lets you blink.
   rCorr:     It protects you from acid and corrosion.
 v - the amulet "Ysynewno" {Reflect ^Fragile rC+ Dex+3 SH+5 SInv}
   (You took it off a spriggan berserker on level 2 of the Depths)

   [amulet of reflection]

   Reflect:   It reflects blocked missile attacks.
   Dex+3:     It affects your dexterity (+3).
   rC+:       It protects you from cold.
   SInv:      It lets you see invisible.
   ^Fragile:  It will be destroyed if unequipped.
   SH+5:      It affects your SH (+5).
 C - the amulet "Naethrat" (around neck) {Spirit rF+ Regen+ Slay+2 Stlth+}
   (You found it in a treasure trove)

   [amulet of guardian spirit]

   Spirit:    It causes incoming damage to be divided between your reserves of
   health and magic.
   Slay+2:    It affects your accuracy & damage with ranged weapons and melee
   (+2).
   rF+:       It protects you from fire.
   Regen+:    It increases your rate of health regeneration.
   Stlth+:    It makes you more stealthy.
 E - the ring "Rubaqa" {rPois AC+4}
   (You took it off a spriggan defender on level 2 of the Depths)

   [ring of protection]

   AC+4:      It affects your AC (+4).
   rPois:     It protects you from poison
 O - the ring "Geaw" (right hand) {+Blink rElec AC+4 Int-4 Dex+4}
   (You found it on level 11 of the Dungeon)

   [ring of protection]

   AC+4:      It affects your AC (+4).
   Int-4:     It affects your intelligence (-4).
   Dex+4:     It affects your dexterity (+4).
   rElec:     It insulates you from electricity.
   +Blink:    It lets you blink.
 V - the ring of Immorality (left hand) {Will+ Dex+5}
   (You took it off a vault sentinel on level 5 of the Vaults)

   [ring of willpower]

   Dex+5:     It affects your dexterity (+5).
   Will+:     It increases your willpower.
Wands
 c - a wand of polymorph (5)
   (You found it on level 3 of the Elven Halls)
 B - a wand of quicksilver (44)
   (You found it on level 8 of the Dungeon)
 P - a wand of digging (25)
   (You found it on level 11 of the Dungeon)
Scrolls
 a - 2 scrolls of immolation {!r!r}
 i - 9 scrolls of vulnerability {!r!r}
 q - 14 scrolls of teleportation {@r4}
 t - 4 scrolls of fear
 A - 6 scrolls of fog
 L - 3 scrolls of silence {!r}
 N - a scroll of summoning
 T - 5 scrolls of poison {!r}
Potions
 b - 3 potions of cancellation
 j - 2 potions of ambrosia
 l - 5 potions of curing {@q1}
 m - 5 potions of might
 w - 3 potions of resistance
 x - a potion of haste {@q3}
 D - 6 potions of enlightenment
 G - 3 potions of magic
 H - 4 potions of invisibility
 I - 5 potions of heal wounds {@q2}
 M - 6 potions of brilliance
 W - 6 potions of mutation {!q}
 X - 4 potions of berserk rage {!q}
Miscellaneous
 e - a lightning rod (4/4)
   (You found it in a Gauntlet)
 p - a phantom mirror
   (You found it on level 3 of the Spider Nest)
 J - a sack of spiders
   (You found it on level 2 of the Lair of Beasts)
 U - a phial of floods
   (You found it on level 11 of the Dungeon)

Dungeon Overview and Level Annotations

Branches:
Dungeon (15/15)            Temple (0/1) D:4            Lair (5/5) D:11
 Shoals (4/4) Lair:2       Spider (4/4) Lair:2        Slime (5/5) Lair:5
    Orc (2/2) D:12            Elf (3/3) Orc:2        Vaults (5/5) D:13
  Crypt (0/3) Vaults:3     Depths (4/4) D:15            Zot (5/5) Depths:4
  IceCv (visited)         Desolation (visited)      Gauntlet (visited)

Altars:
Elyvilon
Fedhas
Gozag
Kikubaaqudgha
Okawaru
Sif Muna
Trog
Vehumet
Xom
Lugonu

Shops:
D:5 [   D:6 [   D:10 (   D:14 [   Orc:2 **(:*?[:   Elf:3 =[   Lair:1 [?
Lair:2 [   Shoals:2 :*=!*   Vaults:1 [[   Vaults:3 (   Vaults:4 ?   Vaults:5 [?
Depths:3 ((

Portals:
Hell: Depths:1 Depths:2 Depths:3
Abyss: Lair:5 Depths:2 Depths:3
Pandemonium: Depths:2
Ziggurat: Depths:3

Annotations:
D:8 Joseph
D:9 3 runed translucent doors, PanSaczeczos's ghost, journeyman AtAE
D:10 3 runed translucent doors, crawlacc's ghost, journeyman GrFi
D:12 2 transporters, flestrin's ghost, journeyman BaSu
Shoals:2 2 transporters, exclusion: orange crystal statue
Spider:4 1 runed translucent door, Graknight's ghost, adept MiBe
Elf:2 5 runed translucent doors
Depths:1 6 transporters
Depths:3 exclusions: 2 glass eyes, shining eye and 1 more exclusion
Zot:1 3 runed translucent doors, Vanouxzi's ghost, master DsGl
Zot:5 exclusion: 3 upstairs

####### # ### #
#####.# # ##8.8#.#
##### #......# #...#
#......######...#
##..8....##.......
#8.....ยง...(..ยง...
#@......##........
#8......###.......
##..8...# #.......
#......# #.......
#......# #.......
##8.8#.# #.......
#####.# #....... ###
########


There were no monsters in sight!


Message History

๐Ÿ˜Ž HP[+2]
Your hp is fully restored (214).
The golden dragon breathes fire at you. The bolt of fire hits you. You resist.
The demonspawn corrupter calls forth creatures from the Vaults!
The demonspawn warmonger invokes the aid of its god against you.
Your magic feels more tainted. ๐Ÿ˜• HP[-3]
You take 3 damage, and now have 211/214 hp.
Aiming: Dig
Press: ? - help, Shift-Dir - straight line A rock wall.
This square is covered in magical glow.
The rock shatters into small pieces. ๐Ÿ˜Ž HP[+3]
Your hp is fully restored (214).
The demonspawn corrupter is distracted by your dazzling golden aura.
A tormentor comes into view.
Unknown command.
There is a stone staircase leading up here.
Unknown command.
You climb upwards.
Level annotation: 3 runed translucent doors, PanSaczeczos's ghost, journeyman AtAE
There is a stone staircase leading down here.
Unknown command.
What level of the Dungeon? (default 1, ? - help)
There is a stone staircase leading up here.
You climb upwards.
Level annotation: Joseph
There is a stone staircase leading down here.
You are no longer corroded.
Your extra speed is starting to run out.
You feel yourself slow down.
Your magic seems less tainted.
There is a stone staircase leading up here.
You climb upwards.
There is a stone staircase leading down here.
Key pressed, stopping travel.
Unknown command.
Unknown command.
Unknown command.
Unknown command.
What level of the Dungeon? (default 1, ? - help)
You see here a +0 morningstar {mace}.
There is a stone staircase leading up here.
You climb upwards.
A Hell Sentinel comes into view.
There is a stone staircase leading down here.
Unknown command.
Unknown command.
There is a stone staircase leading up here.
You climb upwards.
There is a stone staircase leading down here.
What level of the Dungeon? (default 1, ? - help)
You see here a scarf of invisibility.
There is a stone staircase leading up here.
You climb upwards.
There is a stone staircase leading down here.
There is a stone staircase leading up here.
You climb upwards.
There is a stone staircase leading down here.
You see here a +0 hand axe {axe}.
There is an opulent altar of Gozag here.
There is a stone staircase leading up here.
You climb upwards.
There is a stone staircase leading down here.
There is a stone staircase leading up here.
You climb upwards.
There is a stone staircase leading down here.
A cherub comes into view.
It is wielding a +1 long sword of flaming.
The cherub's ox head lows!
The cherub unwields a +1 long sword of flaming.
It stops flaming.
The cherub wields a +0 sling.
The cherub shoots a sling bullet.
You block the sling bullet.
An Orb Guardian comes into view.
The Orb Guardian moves out of view.
The cherub shoots a sling bullet.
You block the sling bullet.
You feel yourself speed up.
You slurp down every last drop of the potion of haste {@q3}!
The cherub shoots a sling bullet.
You block the sling bullet.
Blink to where?
Press: ? - help, Dir - move target
As you read the scroll of blinking {!r}, it crumbles to dust.
Blink to where?
Press: ? - help, Dir - move target
As you read the scroll of blinking {!r}, it crumbles to dust.
Okay, then.
Unknown command.
Blink to where?
Press: ? - help, Dir - move target
As you read the scroll of blinking {!r}, it crumbles to dust.
Okay, then.
Unknown command.
Blink to where?
Press: ? - help, Dir - move target
As you read the scroll of blinking {!r}, it crumbles to dust.
Blink to where?
Press: ? - help, Dir - move target
As you read the scroll of blinking {!r}, it crumbles to dust.
You have escaped!

Skill      XL: |  1  2  3  4  5  6  7  8  9 10 11 12 13 14 15 16 17 18 19 20 21 22 23 24 25 |
---------------+----------------------------------------------------------------------------+-----
Fighting       | 2 3 5 6 7 8 10 12 13 14 16 17 20 22 | 22.0
Maces & Flails | 3 4 6 8 9 10 11 13 14 15 16 | 16.0
Translocations | 1 2 |  2.0
Stealth        | 3 |  3.0
Armour         | 2 3 5 6 8 12 13 18 22 23 24 | 24.3
Shields        | 5 7 10 16 17 20 21 22 | 22.0
Evocations     | 5 6 10 | 10.0
Dodging        | 4 7 10 12 | 12.0
Axes           | 7 13 15 | 15.6
Spellcasting   | |  1.7
Conjurations   | |  2.6

Action                     |  1- 3 |  4- 6 |  7- 9 | 10-12 | 13-15 | 16-18 | 19-21 | 22-24 | 25-27 || total
---------------------------+-------+-------+-------+-------+-------+-------+-------+-------+-------++-------
  Melee: Mace              |   107 |    51 |       |   316 |  1018 |       |       |       |       ||  1492
         Tailslap          |     9 |    14 |    45 |   128 |   253 |   297 |   435 |   527 |    33 ||  1741
         Punch             |     1 |     2 |     3 |       |       |       |       |       |       ||     6
         Whip              |       |    81 |   366 |   344 |       |       |       |       |       ||   791
         Eveningstar       |       |       |       |       |    50 |  1493 |   824 |       |       ||  2367
         Unarmed           |       |       |       |       |     4 |       |       |       |       ||     4
         Broad axe         |       |       |       |       |       |       |  1008 |  1959 |   138 ||  3105
         Kick              |       |       |       |       |       |       |       |   777 |    60 ||   837
  Throw: Dart              |       |     2 |     7 |    14 |     4 |       |       |       |       ||    27
         Throwing net      |       |     1 |       |       |       |       |       |       |       ||     1
   Cast: Momentum Strike   |     3 |     9 |     5 |       |       |       |       |       |       ||    17
 Invoke: Call Merchant     |       |       |     1 |     1 |     2 |     1 |     4 |     1 |       ||    10
         Potion Petition   |       |       |       |       |       |       |       |     1 |       ||     1
         Bribe Branch      |       |       |       |       |       |       |       |       |     2 ||     2
  Evoke: Wand              |       |       |    14 |     8 |       |     6 |     2 |     5 |     3 ||    38
         Sack of spiders   |       |       |       |     1 |       |     2 |     1 |       |       ||     4
         Lightning rod     |       |       |       |       |     4 |     5 |       |     5 |       ||    14
         Phantom mirror    |       |       |       |       |       |     2 |       |       |       ||     2
    Use: Scroll            |     2 |    12 |     6 |    12 |    21 |     8 |     8 |    20 |     7 ||    96
         Potion            |       |     2 |     1 |     2 |     4 |     1 |     3 |    17 |     6 ||    36
   Stab: Invisible         |       |     1 |     1 |       |     1 |       |       |     6 |    10 ||    19
         Distracted        |       |     2 |       |    14 |    28 |     9 |    21 |    14 |       ||    88
         Sleeping          |       |     1 |       |       |       |       |       |       |       ||     1
         Held in net/web   |       |       |       |       |       |     1 |       |       |       ||     1
         Petrified         |       |       |       |       |       |       |     1 |       |       ||     1
 Armour: Leather armour    |    61 |    63 |       |       |       |       |       |       |       ||   124
         Ring mail         |       |     6 |   159 |       |       |       |       |       |       ||   165
         Chain mail        |       |       |    71 |   427 |   416 |       |       |       |       ||   914
         Skin              |       |       |     9 |       |     4 |       |       |       |       ||    13
         Gold dragon scale |       |       |       |       |   319 |  1564 |  1487 |  1088 |    82 ||  4540
  Dodge: Dodged            |    49 |    46 |    95 |   112 |   152 |   231 |   239 |   148 |    15 ||  1087
  Block: Buckler           |       |       |    14 |   133 |   457 |   732 |   626 |       |       ||  1962
         Reflection        |       |       |       |       |    19 |    53 |    38 |    16 |       ||   126
         Other             |       |       |       |       |     3 |       |       |       |       ||     3
         Tower shield      |       |       |       |       |       |       |   169 |  2092 |   169 ||  2430

Levels and vault maps discovered:
D:1:      mrwooster_arrival_statue_2, layout_basic, serial_forest,
          infiniplex_forest_straight_1, infiniplex_forest_corner_1,
          infiniplex_forest_split, infiniplex_forest_straight_2,
          infiniplex_forest_clump_C, infiniplex_forest_clump_tiny,
          infiniplex_forest_straight_1, infiniplex_forest_lined_4_way,
          hangedman_decor_slide_cut, minmay_misc_feat_encased
D:2:      layout_basic
D:3:      layout_loops_corners, elyvilon_altar_4,
          chequers_temple_overflow_statue_of_worship,
          ebering_ecumenical_altar_webs
D:4:      layout_rooms, vehumet_crystals, temple_green,
          chequers_serial_rivers_micro_c
D:5:      layout_basic, nzn_overflow_gifts_of_might_and_magic, serial_shops,
          nicolae_shop_tiny_glass
D:6:      layout_cave_pools, grunt_decor_one_mirror
D:7:      layout_loops_ring, nicolae_zen_rock_garden, sigmund_edmund_badplayer,
          uniq_maggie, uniq_menkaure
D:8:      layout_basic, corexii_leaking_fountain,
          chequers_serial_rivers_micro_d, uniq_erica, uniq_joseph
D:9:      layout_cave_pools, gammafunk_ghost_necromancy,
          minmay_fractal_squares_5
D:10:     layout_basic, okawaru_gym_becter, gammafunk_ghost_split, serial_ice,
          serial_ice_e, serial_ice_a, serial_ice_l, serial_ice_g,
          chequers_serial_rivers_large_b, minmay_misc_feat_hallway
D:11:     layout_loops_cross, grunt_lair_entry_orc_guard_hut
D:12:     layout_basic, erik_orc_1, gammafunk_ghost_smash, uniq_josephine
D:13:     layout_cross, grunt_vaults_entry_tiered
D:14:     nicolae_cairo_tiling, layout_cave_pools, nicolae_trove_entry_diagonal,
          serial_shops, shop, skrybe_limestone_x, uniq_kirke, uniq_roxanne
D:15:     gammafunk_depths_entry_grave, layout_cave_pools,
          kiku_gazebo_pond_becter, ebering_ghost_inner_flame
Lair:1:   wad_woods_settlement, layout_gridlike, basic_altar, st_stairs_10
Lair:2:   layout_regular_city, minmay_shoals_entry_centaurs,
          spider_nest_entry_a, chequers_serial_rivers_marsh,
          serial_bayou_shore_a, grunt_megastairs_1
Lair:3:   layout_chaotic_city, gauntlet_entry_generic, nicolae_lair_lil_pond,
          grunt_forest_stairs_basic, grunt_megastairs_5, uniq_urug,
          uniq_amaemon, uniq_gastronok
Lair:4:   layout_regular_city, basic_altar
Lair:5:   hellmonk_lair_end_abyssal_woods, layout_gridlike, slime_entry_2,
          nzn_ghost_randoct, serial_bayou_lagoon_a, minivault_26
Shoals:1: layout_shoals, st_cyclops, uniq_louise
Shoals:2: gammafunk_sealed_arena, layout_shoals, serial_shops, shop_statue,
          nicolae_lakefront_shop, nicolae_shop_peninsula,
          nicolae_shop_advertising_works [nicolae_subvault_shop_adworks],
          nicolae_shop_behind_doors, uniq_frances, uniq_ilsuiw
Shoals:3: layout_shoals, nicolae_shoals_aquamancer_cove
Shoals:4: shoals_end_grunt_garden, layout_shoals, shoals_ilsuiw_alternative,
          overgrown_tower
Spider:1: layout_chambers, portal_ice_cave_entry_pillars_1
Spider:2: layout_cave_pods, nicolae_spider_paper_wasps
Spider:3: layout_chambers, uniq_donald
Spider:4: spider_rune_water, ebering_ghost_xom, uniq_arachne, uniq_mara
Slime:1:  layout_caves, special_room [special_room_jelly], basic_altar
Slime:2:  layout_caves
Slime:3:  layout_caves
Slime:4:  layout_caves, special_room [special_room_jelly]
Slime:5:  slime_pit_nicolae_royal_road_to_ruin
Orc:1:    layout_caves
Orc:2:    st_orc_ogre_mass, layout_diamond_mine, serial_shops, shop,
          nicolae_shop_just_a_little_nook, nicolae_diamond_shop,
          nicolae_shop_just_a_little_nook
Elf:1:    hangedman_cross_veins, layout_loops_cross,
          portal_desolation_entry_ruin, minmay_elf_sorcery
Elf:2:    elven_hall_of_blades_hangedman_alternative
          [nicolae_blade_entry_diamond_columns], layout_gridlike
Elf:3:    minmay_elf_hall_curves, layout_loops_cross, uniq_bai_suzhen,
          uniq_asterion
Vaults:1: v_misc_32, vaults_room_grunt_arrival_checkpoint,
          nicolae_vaults_ring_of_whatevers, nicolae_vaults_circle_grid_a,
          nicolae_vaults_closet_pinwheel_1, vaults_room_boxed,
          nicolae_vaults_trapezoid_lopsided_1, nicolae_vaults_hexular_roomagon,
          vaults_mumra_minichess, nicolae_vaults_sesquioval_fish,
          ontoclasm_vaults_shout, vaults_dpeg_doors,
          nicolae_vaults_tetromino_L_2, layout_vaults_omnibox
Vaults:2: st_spiral_rooms, nicolae_vaults_heist, nicolae_vaults_steering_wheel,
          nicolae_vaults_windows_and_doors_thing, vaults_mumra_hexcomb,
          hangedman_vaults_nails, ontoclasm_vaults_ring_small,
          hangedman_vaults_trim, nicolae_vaults_specimen_jars, v_misc_8,
          serial_library_hellmonk_big_corner, layout_vaults_big_room,
          serial_glass
Vaults:3: v_misc_10, nicolae_vaults_angled_halls,
          vaults_standard_mumra_enter_the_diamond, ontoclasm_vaults_ring_large,
          nicolae_vaults_sightless_eye, nicolae_vaults_trapezoid_lopsided_3,
          nicolae_vaults_little_squares_3, nicolae_vaults_angled_halls,
          dpeg_vaults_monster_box, layout_vaults_quadrants, serial_shops,
          nicolae_shop_waterfront
Vaults:4: ontoclasm_vaults_fault, nicolae_vaults_little_squares_3,
          nicolae_vaults_tetromino_T_2, nicolae_vaults_wrenched,
          dpeg_vaults_monster_row, nicolae_vaults_storage_room_water,
          nicolae_vaults_house_3, nicolae_vaults_closet_pinwheel_4,
          nicolae_vaults_library_corner, nicolae_vaults_little_squares_3,
          nicolae_vaults_little_ls, vaults_dpeg_cross,
          nicolae_vaults_tetromino_Z_1, nicolae_vaults_diamond_1,
          layout_vaults_omnicross, serial_shops, nicolae_diamond_shop
Vaults:5: serial_shops
Depths:1: layout_twisted_cross, minmay_misc_feat_secret_circle, hell_entry,
          minmay_strange_pillars, minmay_statues_item,
          hangedman_abyss_or_decor_jellyfish_corner, grunt_decor_cap,
          serial_nicolae_subway, nicolae_sub_station_metal,
          nicolae_sub_station_stone, nicolae_sub_station_crystal
Depths:2: minmay_the_grid_triangle_9x9_recursive_3
          [minmay_the_grid_triangle_9x9_sprig,
          minmay_the_grid_triangle_9x9_warning,
          minmay_the_grid_triangle_9x9_swiss_cheese,
          minmay_the_grid_triangle_9x9_prize_special,
          minmay_the_grid_triangle_9x9_semitri,
          minmay_the_grid_triangle_9x9_fully_insulated_deathbox,
          minmay_the_grid_triangle_9x9_subtriangle,
          minmay_the_grid_triangle_9x9_alien,
          minmay_the_grid_triangle_9x9_empty], layout_honeycomb,
          rand_demon_pan_entry_4, hell_entry, abyss_entry_small_statue_room,
          serial_bayou_shore_b
Depths:3: minmay_inner_zag, layout_cave_shapes, enter_ziggurat_c, hell_entry,
          patterned_corridor, minmay_room_of_horrors,
          infiniplex_staircase_zigzag_2, minmay_shop_star
Depths:4: evilmike_zot_entry_hall, layout_honeycomb,
          ebering_dispersal_statue_hall, hell_entry, st_stairs_10, uniq_jory
Zot:1:    layout_misc_corridors, gammafunk_ghost_tricky_traps, st_stairs_5,
          grunt_megastairs_4
Zot:2:    layout_onion_interference, grunt_megastairs_3
Zot:3:    layout_basic, regret_index_zotdec_split_disrupt
Zot:4:    minmay_elemental_castle, layout_misc_corridors
Zot:5:    layout_basic

Notes
Turn   | Place    | Note
-------+----------+-------------------------------------------
     0 | D:1      | MackTheKnife the Armataur Reaver began the quest for the
                  | Orb.
     0 | D:1      | Reached XP level 1. HP: 16/16 MP: 3/3
     0 | D:1      | magus.rc [v1.9.6]
    71 | D:1      | Reached skill level 2 in Fighting
   282 | D:1      | Reached skill level 3 in Maces & Flails
   282 | D:1      | Reached XP level 2. HP: 19/22 MP: 4/4
   297 | D:1      | Learned a level 2 spell: Momentum Strike
  1342 | D:2      | Reached XP level 3. HP: 28/28 MP: 2/5
  1675 | D:3      | Found an opulent altar of Gozag.
  1675 | D:3      | Found a blossoming altar of Fedhas.
  1681 | D:3      | Became a worshipper of Gozag Ym Sagoz the Greedy
  1755 | D:3      | Found a white marble altar of Elyvilon.
  2162 | D:3      | Found a faded altar of an unknown god.
  2268 | D:3      | Reached skill level 1 in Translocations
  2413 | D:3      | Reached XP level 4. HP: 34/34 MP: 6/6
  2633 | D:3      | Reached skill level 2 in Translocations
  2745 | D:3      | Reached skill level 3 in Fighting
  2950 | D:3      | Reached skill level 4 in Maces & Flails
  3138 | D:3      | magus.rc [v1.9.6]
  3307 | D:4      | Reached XP level 5. HP: 41/41 MP: 7/7
  3413 | D:4      | Reached skill level 1 in Stealth
  3471 | D:4      | Reached skill level 2 in Stealth
  3502 | D:4      | Found a staircase to the Ecumenical Temple.
  3530 | D:4      | Reached skill level 3 in Stealth
  3536 | D:4      | Reached XP level 6. HP: 46/47 MP: 8/8
  3739 | D:4      | Reached skill level 5 in Maces & Flails
  3756 | D:4      | Found a radiant altar of Vehumet.
  4089 | D:5      | Entered Level 5 of the Dungeon
  4426 | D:5      | Found Gyadghonk's Armour Shoppe.
  4440 | D:5      | You add the spells Malign Gateway and Summon Horrible
                  | Things to your library.
  4454 | D:5      | Bought a +2 ring mail of fire resistance for 273 gold
                  | pieces
  4556 | D:5      | Reached skill level 6 in Maces & Flails
  4631 | D:5      | Gained mutation: You regenerate magic and health when
                  | rolling toward enemies. (Rampage Regen) [Armataur growth]
  4631 | D:5      | Reached XP level 7. HP: 47/52 MP: 9/9
  4696 | D:5      | Reached skill level 1 in Armour
  4820 | D:5      | Reached skill level 2 in Armour
  4983 | D:5      | Found a bloodstained altar of Trog.
  4999 | D:5      | Reached skill level 4 in Fighting
  5061 | D:5      | Found a shimmering blue altar of Sif Muna.
  5073 | D:5      | Got Sif Muna's Dissertation on Reformation
  5183 | D:6      | Reached skill level 5 in Fighting
  5443 | D:5      | Reached XP level 8. HP: 62/62 MP: 10/10
  5700 | D:6      | Reached skill level 7 in Maces & Flails
  5754 | D:6      | You pick up a book of Misfortune and begin reading...
  5754 | D:6      | You add the spells Inner Flame, Yara's Violent Unravelling
                  | and Enfeeble to your library.
  6101 | D:7      | Noticed Menkaure
  6238 | D:7      | Reached skill level 8 in Maces & Flails
  6372 | D:7      | Reached skill level 3 in Armour
  6442 | D:7      | Reached skill level 6 in Fighting
  6631 | D:7      | Identified a scroll of acquirement
  6632 | D:7      | Acquired 660 gold pieces
  6716 | D:7      | Reached XP level 9. HP: 70/71 MP: 11/11
  6753 | D:7      | Noticed Maggie
  6782 | D:7      | Killed Maggie
  6989 | D:6      | Bought a masterwork buckler for 275 gold pieces
  6989 | D:6      | Identified the +0 buckler of Yfoikips {-Cast rC+++ Regen+
                  | rCorr} (You bought it in a shop on level 6 of the Dungeon)
  6989 | D:6      | Bought a faintly humming chain mail for 275 gold pieces
  6989 | D:6      | Identified the +2 chain mail of Cynicism {Regen+ Str+2}
                  | (You bought it in a shop on level 6 of the Dungeon)
  7165 | D:7      | Reached skill level 1 in Shields
  7421 | D:7      | Noticed Edmund
  7422 | D:7      | Noticed Sigmund
  7432 | D:7      | Killed Menkaure
  7437 | D:7      | Killed Edmund
  7438 | D:7      | Reached skill level 4 in Armour
  7438 | D:7      | Reached skill level 2 in Shields
  7444 | D:7      | Killed Sigmund
  7445 | D:7      | Reached skill level 3 in Shields
  7632 | D:8      | Reached skill level 5 in Armour
  7658 | D:8      | Reached skill level 4 in Shields
  7734 | D:8      | Reached skill level 5 in Shields
  7734 | D:8      | Reached skill level 7 in Fighting
  7793 | D:8      | Reached skill level 9 in Maces & Flails
  7923 | D:8      | Noticed Erica
  7949 | D:9      | Reached XP level 10. HP: 79/79 MP: 12/12
  8137 | D:9      | Found a runed translucent gate.
  8137 | D:9      | Found a runed translucent gate.
  8137 | D:9      | Found a runed translucent gate.
  8137 | D:9      | Noticed a spectral centaur warrior
  8169 | D:9      | Noticed PanSaczeczos's ghost (journeyman AtAE)
  8169 | D:9      | Noticed a spectral centaur warrior
  8169 | D:9      | Noticed a spectral centaur warrior
  8230 | D:8      | You pick up a book of Flames and begin reading...
  8230 | D:8      | You add the spells Sticky Flame and Flame Wave to your
                  | library.
  8353 | D:8      | Killed Erica
  8354 | D:8      | Reached skill level 8 in Fighting
  8411 | D:8      | Reached skill level 10 in Maces & Flails
  8653 | D:8      | Noticed Joseph
  8824 | D:9      | Noticed a two-headed ogre
  8842 | D:9      | Killed a two-headed ogre
  8843 | D:9      | Reached skill level 6 in Armour
  8895 | D:9      | Reached skill level 1 in Evocations
  8896 | D:9      | Reached skill level 2 in Evocations
  8918 | D:9      | Reached skill level 3 in Evocations
  8936 | D:9      | Reached skill level 4 in Evocations
  9003 | D:9      | Noticed a spectral centaur warrior
  9189 | D:10     | Entered Level 10 of the Dungeon
  9215 | D:10     | Reached skill level 5 in Evocations
  9235 | D:10     | Reached XP level 11. HP: 82/87 MP: 13/13
  9395 | D:10     | Reached skill level 6 in Evocations
  9441 | D:10     | Reached skill level 7 in Armour
  9527 | D:10     | Reached skill level 9 in Fighting
  9680 | D:10     | Found an iron altar of Okawaru.
  9703 | D:10     | Identified the +10 mace "Kasacren" {spect, rPois Str-4
                  | Dex+2}
  9750 | D:10     | Noticed crawlacc's ghost (journeyman GrFi)
  9754 | D:10     | Found a runed translucent gate.
  9754 | D:10     | Found a runed translucent gate.
  9754 | D:10     | Found a runed translucent gate.
  9754 | D:10     | Noticed a boulder beetle
  9754 | D:10     | Noticed a yaktaur captain
  9767 | D:10     | Reached skill level 8 in Armour
  9786 | D:10     | You add the spells Gell's Gravitas, Teleport Other and
                  | Dispersal to your library.
  9952 | D:10     | You pick up a book of Debilitation and begin reading...
  9952 | D:10     | You add the spells Slow, Sigil of Binding, Vampiric
                  | Draining and Confusing Touch to your library.
 10114 | D:10     | Bought a brightly glowing morningstar for 261 gold pieces
 10114 | D:10     | Identified the +1 morningstar of Xuist {drain, rN+} (You
                  | bought it in a shop on level 10 of the Dungeon)
 10171 | D:11     | Noticed a boulder beetle
 10212 | D:11     | Killed a boulder beetle
 10336 | D:11     | Identified the +10 quarterstaff of Discomfort {elec, rF+
                  | rC- rN++}
 10437 | D:11     | Identified the ring "Geaw" {+Blink rElec AC+4 Int-4 Dex+4}
 10568 | D:11     | Found a staircase to the Lair.
 10697 | D:11     | You fall into a shaft and drop 3 floors!
 10710 | D:14     | Noticed Kirke
 10716 | D:14     | Noticed a centaur warrior
 10751 | D:12     | Noticed Josephine
 10753 | D:12     | Josephine changed into Josephine the glowing orange brain
 10753 | D:12     | Noticed Josephine
 10756 | D:12     | Killed Josephine the glowing orange brain
 10757 | D:12     | Reached skill level 10 in Fighting
 10801 | D:12     | You pick up a book of Storms and begin reading...
 10801 | D:12     | You add the spells Static Discharge, Airstrike and Summon
                  | Lightning Spire to your library.
 11051 | D:11     | Reached skill level 11 in Maces & Flails
 11201 | D:10     | Bought a smoking flail for 246 gold pieces
 11201 | D:10     | Identified the +6 flail "Oganov" {venom, Int+3 Stlth+} (You
                  | bought it in a shop on level 10 of the Dungeon)
 11238 | Lair:1   | Entered Level 1 of the Lair of Beasts
 11575 | Lair:1   | Found a shimmering altar of Xom.
 11623 | Lair:1   | Reached XP level 12. HP: 92/97 MP: 14/14
 11695 | Lair:1   | Reached skill level 12 in Maces & Flails
 11789 | Lair:1   | You add the spells Ignite Poison and Ignition to your
                  | library.
 12347 | Lair:2   | Reached skill level 13 in Maces & Flails
 12356 | Lair:2   | Reached skill level 2 in Dodging
 12438 | Lair:2   | Found a staircase to the Shoals.
 12444 | Lair:2   | Found a hole to the Spider Nest.
 12554 | Lair:2   | Reached skill level 3 in Dodging
 13140 | Lair:3   | Noticed Gastronok
 13248 | Lair:3   | Found a gate leading to a gauntlet.
 13258 | Lair:3   | Noticed a six-headed hydra
 13261 | Lair:3   | Noticed Urug
 13266 | Lair:3   | Killed a six-headed hydra
 13267 | Lair:3   | Reached skill level 11 in Fighting
 13267 | Lair:3   | Reached skill level 4 in Dodging
 13274 | Lair:3   | Killed Urug
 13294 | Gauntlet | Entered a Gauntlet
 13294 | Gauntlet | Found a transporter.
 13294 | Gauntlet | Found a transporter.
 13294 | Gauntlet | Found a transporter.
 13295 | Gauntlet | Found a transporter.
 13295 | Gauntlet | Noticed a death scarab
 13296 | Gauntlet | Found a transporter.
 13299 | Gauntlet | Found a transporter.
 13305 | Gauntlet | Found a runed translucent gate.
 13306 | Gauntlet | Found a transporter.
 13307 | Gauntlet | Found a transporter.
 13308 | Gauntlet | Found a runed translucent gate.
 13308 | Gauntlet | Found a transporter.
 13309 | Gauntlet | Found a runed translucent gate.
 13310 | Gauntlet | Found a transporter.
 13319 | Gauntlet | Found a transporter.
 13323 | Gauntlet | Found a transporter.
 13412 | Gauntlet | Noticed a death yak
 13413 | Gauntlet | Noticed a death yak
 13414 | Gauntlet | Noticed a death yak
 13415 | Gauntlet | Noticed a death yak
 13564 | Gauntlet | Identified the ring of Utiokeal {Wiz Will+ Stlth+}
 13570 | Gauntlet | Killed a death yak
 13580 | Gauntlet | Killed a death yak
 13583 | Gauntlet | Killed a death yak
 13584 | Gauntlet | Reached skill level 12 in Fighting
 13584 | Gauntlet | Reached XP level 13. HP: 108/108 MP: 15/15
 13622 | Gauntlet | Noticed a minotaur
 13645 | Gauntlet | Killed a minotaur
 13674 | Gauntlet | You pick up a book of Alchemy and begin reading...
 13674 | Gauntlet | You add the spells Sublimation of Blood, Petrify and
                  | Irradiate to your library.
 13674 | Gauntlet | You pick up a book of Scorching and begin reading...
 13674 | Gauntlet | You add the spells Scorch and Summon Cactus Giant to your
                  | library.
 13883 | Lair:3   | Killed Gastronok
 13884 | Lair:3   | Reached skill level 9 in Armour
 13983 | Lair:3   | Noticed Amaemon
 13990 | Lair:3   | Killed Amaemon
 14435 | Lair:4   | Found a shimmering altar of Xom.
 14533 | Lair:4   | Reached skill level 10 in Armour
 14635 | Lair:4   | You pick up a book of Frost and begin reading...
 14635 | Lair:4   | You add the spells Freeze and Frozen Ramparts to your
                  | library.
 14652 | Lair:4   | You pick up a book of Misfortune and begin reading...
 14662 | Lair:4   | Reached skill level 14 in Maces & Flails
 14713 | Lair:4   | Reached skill level 6 in Shields
 15308 | Lair:5   | Entered Level 5 of the Lair of Beasts
 15308 | Lair:5   | Found a transporter.
 15324 | Lair:5   | Reached skill level 11 in Armour
 15369 | Lair:5   | Reached skill level 7 in Shields
 15416 | Lair:5   | Noticed Uduj's ghost (journeyman DjCj)
 15550 | Lair:5   | Found a runed translucent door.
 15556 | Lair:5   | Noticed an acid blob
 15585 | Lair:5   | Found a transporter.
 15619 | Lair:5   | Reached skill level 12 in Armour
 15662 | Lair:5   | Reached XP level 14. HP: 108/115 MP: 16/16
 15666 | Lair:5   | Reached skill level 5 in Dodging
 15717 | Lair:5   | Identified the +1 cloak of the Summoning Gods {rElec rC+
                  | Regen+ Stlth+}
 15961 | Lair:5   | Reached skill level 6 in Dodging
 16260 | Lair:5   | Identified the +0 sling of the Extremely Mad {heavy, Dex+4}
 16351 | Lair:5   | Reached skill level 7 in Dodging
 16389 | Lair:5   | Found a corrupted altar of Lugonu.
 16390 | Lair:5   | Found a one-way gate to the infinite horrors of the Abyss.
 16572 | Lair:5   | Found a staircase to the Slime Pits.
 16572 | Lair:5   | Noticed an acid blob
 16741 | D:12     | Found a transporter.
 16743 | D:12     | Noticed flestrin's ghost (journeyman BaSu)
 16744 | D:12     | Found a transporter.
 16846 | D:12     | Acquired the +0 barding "Ydomaodu" {rF+}
 16874 | D:12     | Identified the +8 great mace of Wondrous Power {venom, rF-
                  | Int+4}
 17416 | D:12     | Found a staircase to the Orcish Mines.
 17732 | Orc:1    | Entered Level 1 of the Orcish Mines
 18202 | Orc:2    | Entered Level 2 of the Orcish Mines
 18207 | Orc:2    | Noticed an orc warlord
 18304 | Orc:2    | Found a staircase to the Elven Halls.
 18312 | Orc:2    | Reached skill level 13 in Armour
 18346 | Orc:2    | Found Irazeop's Antique Weapon Shoppe.
 18394 | Orc:1    | Killed an orc warlord
 18415 | Orc:2    | Reached skill level 13 in Fighting
 18534 | Orc:2    | Found Puen's Book Shoppe.
 18573 | Orc:2    | Found Deizai's Assorted Antiques.
 18593 | Orc:2    | Found Teskaurr's Assorted Antiques.
 18730 | Orc:2    | Reached XP level 15. HP: 96/124 MP: 17/17
 18732 | Orc:2    | Paralysed by an ogre mage for 2 turns
 18739 | Orc:2    | Reached skill level 14 in Armour
 18835 | Orc:2    | Found Beohires's Armour Shoppe.
 18835 | Orc:2    | Found Henwobemp's General Store.
 18836 | Orc:2    | Found Fina Ole's Book Boutique.
 18836 | Orc:2    | Found Yroruo's Magic Scroll Shoppe.
 18946 | Orc:2    | Bought a scroll of enchant armour for 127 gold pieces
 19114 | Orc:2    | Bought the +9 scales of the Dragon King {rPois rF+ rC+
                  | Will+} for 3369 gold pieces
 19114 | Orc:2    | Found the +9 scales of the Dragon King {rPois rF+ rC+
                  | Will+}
 19625 | D:13     | You pick up a book of Death and begin reading...
 19625 | D:13     | You add the spells Haunt and Infestation to your library.
 19652 | D:13     | Reached skill level 14 in Fighting
 19683 | D:13     | Reached skill level 15 in Armour
 19705 | D:13     | You pick up a book of Spatial Translocations and begin
                  | reading...
 19705 | D:13     | You add the spells Blink and Lesser Beckoning to your
                  | library.
 19713 | D:13     | Found a gate to the Vaults.
 20120 | D:13     | Noticed a sphinx
 20196 | D:14     | Reached skill level 16 in Armour
 20337 | D:14     | Found Vud Axek's Armour Shop.
 20339 | D:14     | Noticed Roxanne
 20497 | D:14     | Found a portal to a secret trove of treasure.
 20733 | D:14     | Killed Roxanne
 20808 | D:15     | Entered Level 15 of the Dungeon
 20940 | D:15     | Found a staircase to the Depths.
 20952 | D:15     | Reached skill level 17 in Armour
 21034 | D:15     | Found a runed translucent door.
 21036 | D:15     | Noticed Gympuve's ghost (adept TrFi)
 21046 | D:15     | Found an ancient bone altar of Kikubaaqudgha.
 21384 | D:15     | Killed Gympuve's ghost
 21391 | D:15     | Identified the +8 shortbow "Viuvoviti" {drain, rElec Str+2}
 21434 | D:13     | Killed Kirke
 21435 | D:13     | Reached skill level 18 in Armour
 21569 | Lair:1   | Bought a scroll of teleportation for 42 gold pieces
 21578 | Lair:1   | magus.rc [v1.9.6]
 21637 | Spider:1 | Entered Level 1 of the Spider Nest
 21685 | Spider:1 | Found a frozen archway.
 21694 | IceCv    | Entered an ice cave
 21711 | IceCv    | Reached XP level 16. HP: 102/133 MP: 18/18
 21716 | IceCv    | Found a transporter.
 21755 | IceCv    | Found a transporter.
 21758 | IceCv    | You pick up a book of Unlife and begin reading...
 21758 | IceCv    | You add the spells Borgnjor's Vile Clutch and Death Channel
                  | to your library.
 22158 | Spider:1 | Reached skill level 19 in Armour
 22502 | Spider:1 | You pick up a book of Weapons and begin reading...
 22502 | Spider:1 | You add the spells Tukima's Dance, Dimensional Bullseye and
                  | Iskenderun's Mystic Blast to your library.
 22789 | Spider:1 | Reached skill level 20 in Armour
 23035 | Spider:1 | magus.rc [v1.9.6]
 23151 | Spider:2 | Reached skill level 15 in Maces & Flails
 23651 | Spider:2 | Reached skill level 21 in Armour
 24458 | Spider:3 | Noticed Donald
 24471 | Spider:3 | Killed Donald
 25000 | Spider:3 | Reached skill level 22 in Armour
 25424 | Spider:4 | Entered Level 4 of the Spider Nest
 25455 | Spider:4 | Noticed Mara
 25456 | Spider:4 | Noticed MackTheKnife's illusion
 25709 | Spider:4 | Killed Mara
 25781 | Spider:4 | Reached XP level 17. HP: 139/139 MP: 19/19
 25816 | Spider:4 | Reached skill level 16 in Maces & Flails
 25833 | Spider:4 | Reached skill level 7 in Evocations
 25889 | Spider:4 | Noticed Arachne
 25897 | Spider:4 | Killed Arachne
 26148 | Spider:4 | Found a runed translucent door.
 26149 | Spider:4 | Found a shimmering altar of Xom.
 26149 | Spider:4 | Noticed Graknight's ghost (adept MiBe)
 26268 | Spider:4 | Reached skill level 8 in Evocations
 26527 | Spider:4 | Reached skill level 9 in Evocations
 26672 | Spider:4 | Reached skill level 10 in Evocations
 26687 | Spider:4 | Identified the -2 pair of boots of Beogh's Hatred {+Inv rN+
                  | Dex+3}
 26861 | Spider:4 | Got a gossamer rune of Zot
 27120 | Lair:2   | Bought a pair of slimy gloves for 171 gold pieces
 27120 | Lair:2   | Identified the +1 pair of gloves of Wrong Decisions {rElec
                  | rPois rF+++ Dex-2} (You bought it in a shop on level 2 of
                  | the Lair of Beasts)
 27134 | Shoals:1 | Entered Level 1 of the Shoals
 27153 | Shoals:1 | Reached skill level 8 in Dodging
 27286 | Shoals:1 | Noticed Louise
 27315 | Shoals:1 | Killed Louise
 27429 | Shoals:1 | Reached skill level 9 in Dodging
 27441 | Shoals:1 | Identified the +5 hand axe of Termination {elec, *Noise rN+
                  | Stlth+}
 27868 | Shoals:2 | Noticed Frances
 27876 | Shoals:2 | Killed Frances
 28063 | Shoals:2 | Found Xoxuotyl's Distillery.
 28072 | Shoals:2 | Found Niacen's General Store.
 28111 | Shoals:2 | Bought a scroll of teleportation for 45 gold pieces
 28112 | Shoals:2 | Found a transporter.
 28166 | Shoals:2 | Reached skill level 10 in Dodging
 28255 | Shoals:2 | Found Baaz Qot's Book Shop.
 28270 | Shoals:2 | Found a transporter.
 28293 | Shoals:2 | Noticed Ilsuiw
 28327 | Shoals:2 | Killed Ilsuiw
 28469 | Shoals:2 | Found Weownoc's Jewellery Shop.
 28495 | Shoals:2 | Found Duymaaf's Assorted Antiques.
 28690 | Shoals:3 | Reached XP level 18. HP: 137/147 MP: 20/20
 28829 | Shoals:3 | Reached skill level 15 in Fighting
 29371 | Shoals:4 | Entered Level 4 of the Shoals
 29685 | Shoals:4 | Reached skill level 16 in Fighting
 29817 | Shoals:4 | Identified the +8 broad axe of the First Friars {freeze,
                  | ^Drain rElec rF+ Str+2}
 29840 | Shoals:4 | Found the +4 robe of Folly {Brill Will-โˆž Int+8}
 29869 | Shoals:4 | Reached skill level 1 in Axes
 29927 | Shoals:4 | Reached skill level 2 in Axes
 29976 | Shoals:4 | Reached skill level 3 in Axes
 30052 | Shoals:4 | Reached skill level 4 in Axes
 30058 | Shoals:4 | You add the spells Olgreb's Toxic Radiance and Discord to
                  | your library.
 30347 | Shoals:4 | Got a barnacled rune of Zot
 30364 | Shoals:4 | Reached skill level 5 in Axes
 30863 | Vaults:1 | Entered Level 1 of the Vaults
 31114 | Vaults:1 | Reached skill level 6 in Axes
 31334 | Vaults:1 | Reached skill level 7 in Axes
 31587 | Vaults:1 | Reached XP level 19. HP: 157/157 MP: 21/21
 31663 | Vaults:1 | Reached skill level 8 in Axes
 31944 | Vaults:1 | You pick up a book of the Senses and begin reading...
 31944 | Vaults:1 | You add the spells Dazzling Flash, Agony and Silence to
                  | your library.
 32020 | Vaults:1 | Reached skill level 9 in Axes
 32336 | Vaults:2 | You pick up a book of Changes and begin reading...
 32384 | Vaults:2 | Reached skill level 10 in Axes
 32449 | Vaults:2 | Reached skill level 11 in Axes
 32982 | Vaults:2 | You pick up a book of Scorching and begin reading...
 33436 | Vaults:3 | You fall into a shaft and drop 1 floor!
 33448 | Vaults:4 | Reached skill level 12 in Axes
 33452 | Vaults:4 | Found Qighuacu's Magic Scroll Shoppe.
 33470 | Vaults:4 | Bought a scroll of enchant armour for 165 gold pieces
 33470 | Vaults:4 | Bought a scroll of blinking for 165 gold pieces
 33470 | Vaults:4 | Bought a scroll of teleportation for 66 gold pieces
 33470 | Vaults:4 | Bought a scroll of teleportation for 66 gold pieces
 33470 | Vaults:4 | Bought a scroll of teleportation for 66 gold pieces
 33470 | Vaults:4 | Bought a scroll of teleportation for 66 gold pieces
 33934 | Vaults:3 | Reached skill level 13 in Axes
 33963 | Vaults:3 | Reached XP level 20. HP: 136/165 MP: 22/22
 34092 | Vaults:3 | Found a staircase to the Crypt.
 34558 | Vaults:3 | Reached skill level 14 in Axes
 34965 | Vaults:3 | Found Luclalio's Antique Weapon Boutique.
 35373 | Vaults:4 | Reached skill level 15 in Axes
 35545 | Vaults:4 | You add the spells Vhi's Electric Charge, Arcjolt and
                  | Maxwell's Capacitive Coupling to your library.
 35848 | Vaults:4 | You pick up a book of Displacement and begin reading...
 36396 | Elf:1    | Entered Level 1 of the Elven Halls
 36452 | Elf:1    | Found a crumbling gateway.
 36465 | Desolati | Entered the Desolation of Salt
 36524 | Desolati | Reached skill level 8 in Shields
 36592 | Desolati | Reached skill level 9 in Shields
 36758 | Desolati | Reached skill level 10 in Shields
 36858 | Desolati | Got the Handbook of the Filthy Sphinx
 36976 | Desolati | Identified the ring "Tyinucw" {rCorr SInv}
 37006 | Desolati | Reached XP level 21. HP: 169/171 MP: 23/23
 37023 | Desolati | Identified the +3 arbalest of Non Obstante Veredicto
                  | {drain, Dex+3}
 37028 | Desolati | Identified the +9 rapier "Uriar" {speed, rF+ rC+ rN++}
 37033 | Desolati | Identified the +7 falchion "Rumopni" {flame, Fly rF+++
                  | Dex-4 Stlth+}
 37049 | Desolati | You add the spells Passwall and Leda's Liquefaction to your
                  | library.
 37049 | Desolati | Got the Elucidation of the Mesa
 37084 | Desolati | Reached skill level 11 in Shields
 37318 | Desolati | Identified the amulet of Ebez {rPois rC+ Will+++ Regen+
                  | Dex-4}
 37396 | Desolati | Reached skill level 12 in Shields
 37399 | Desolati | Identified the staff of Tartarus {rC+++ rCorr Earth}
 37407 | Desolati | Identified the +5 ring mail of Byohis {Rampage rC- Will+
                  | rCorr}
 37420 | Desolati | You add the spells Ozocubu's Armour and Ozocubu's
                  | Refrigeration to your library.
 37490 | Desolati | Identified the ring of Plog {rElec rPois rF- rC- Will+}
 37797 | Elf:1    | Paralysed by an air elemental for 1 turns
 38112 | Elf:1    | Reached skill level 13 in Shields
 38552 | Elf:1    | You add the spells Fulminant Prism and Chain Lightning to
                  | your library.
 38552 | Elf:1    | Got Vehumet's Compendium of Energy
 38609 | Elf:2    | Reached skill level 14 in Shields
 39028 | Elf:2    | Reached skill level 15 in Shields
 39172 | Elf:2    | Found a huge runed translucent gate.
 39174 | Elf:2    | Found a huge runed translucent gate.
 39174 | Elf:2    | Found a huge runed translucent gate.
 39176 | Elf:2    | Found a huge runed translucent gate.
 39176 | Elf:2    | Found a huge runed translucent gate.
 39259 | Elf:3    | Entered Level 3 of the Elven Halls
 39298 | Elf:3    | Noticed Asterion
 39315 | Elf:3    | Killed Asterion
 39819 | Elf:3    | Noticed Bai Suzhen
 39834 | Elf:3    | Killed Bai Suzhen
 39844 | Elf:3    | Killed the ghostly Bai Suzhen
 39853 | Elf:3    | Reached skill level 16 in Shields
 40166 | Elf:3    | Identified the +6 long sword of Anguish {heavy, rElec rN+
                  | Str+2}
 40166 | Elf:3    | Identified the +9 crystal plate armour of the Invisible
                  | Knives {rElec}
 40166 | Elf:3    | Identified the ring of Larrec {Slay+4 SInv}
 40178 | Elf:3    | a deep elf elementalist comes into view. It is wielding the
                  | +8 lance "Wyrmbane" {slay drac, rPois rF+ rC+ AC+3}.
 40186 | Elf:3    | Identified the ring of Equilibrium {Int+6 Dex+3 SInv}
 40194 | Elf:3    | Reached skill level 17 in Fighting
 40236 | Elf:3    | v - the +9 crystal plate armour of the Invisible Knives
                  | {rElec, rare=g}
 40272 | Elf:3    | Identified the +6 falchion of Maxzud {protect, rElec rPois
                  | Dex-3 SInv}
 40308 | Elf:3    | You pick up a book of Misfortune and begin reading...
 40310 | Elf:3    | You drop the +9 crystal plate armour of the Invisible
                  | Knives {rElec, rare=g}.
 40315 | Elf:3    | Identified the +0 short sword of Tartarus {drain, rC+ Will+
                  | Int-5 Stlth+}
 40319 | Elf:3    | You pick up a book of Party Tricks and begin reading...
 40319 | Elf:3    | You add the spells Apportation and Alistair's Intoxication
                  | to your library.
 40328 | Elf:3    | You add the spells Poisonous Vapours and Eringya's Noxious
                  | Bog to your library.
 40328 | Elf:3    | Got the Codex of the Dose
 40329 | Elf:3    | Identified the +4 orcbow "Ubifawyo" {elec, rPois Will-
                  | rCorr}
 40337 | Elf:3    | You add the spells Summon Small Mammal, Summon Hydra and
                  | Dragon's Call to your library.
 40337 | Elf:3    | Got Dispater's Catalogue of the Pit
 40348 | Elf:3    | Identified the +5 scale mail of Pumof {rN++ Str+4 Dex-5
                  | SInv}
 40352 | Elf:3    | v - the +9 crystal plate armour of the Invisible Knives
                  | {rElec, rare=g}
 40356 | Elf:3    | Identified the +1 pair of boots "Esirchios" {rCorr}
 40416 | Elf:3    | Identified the +4 long sword of the New World {elec, *Slow
                  | rN+ Will+ Str+2}
 40871 | Lair:5   | Killed Uduj's ghost
 40927 | Lair:5   | You pick up a book of Flames and begin reading...
 40970 | Lair:5   | Reached XP level 22. HP: 173/182 MP: 24/24
 41003 | Slime:1  | Entered Level 1 of the Pits of Slime
 41099 | Slime:3  | Paralysed by a formless jellyfish for 1 turns
 41114 | Slime:3  | HP: 42/183 [drowned by a quicksilver ooze (7)]
 41264 | Slime:4  | Reached skill level 18 in Fighting
 41334 | Slime:5  | Entered Level 5 of the Pits of Slime
 41582 | Slime:3  | Gained mutation: You sometimes lose your temper in combat.
                  | [a shining eye]
 41810 | Slime:2  | Gained mutation: Your health recovers twice as slowly from
                  | being drained. [a shining eye]
 42278 | Slime:4  | Reached skill level 19 in Fighting
 42339 | Slime:5  | Noticed the Royal Jelly
 42374 | Slime:5  | Killed the Royal Jelly
 42678 | Slime:4  | Reached skill level 20 in Fighting
 43101 | Slime:5  | Gained mutation: You are frail. (-10% HP) [a shining eye]
 43104 | Slime:5  | Gained mutation: You are very frail. (-20% HP) [a shining
                  | eye]
 43373 | Slime:5  | Reached skill level 17 in Shields
 43527 | Slime:5  | Found the +27 heavy crossbow "Sniper" {heavy, Acc+โˆž SInv}
 43536 | Slime:5  | You pick up a book of the Warp and begin reading...
 43540 | Slime:5  | You add the spells Borgnjor's Revivification and Death's
                  | Door to your library.
 43557 | Slime:5  | Identified the +2 hand axe of Beogh's Approval {venom,
                  | *Noise *Slow rPois Str+9}
 43570 | Slime:5  | Identified the ring "Ymo Isseypoy" {rElec rN+ Str+2}
 43574 | Slime:5  | Got a slimy rune of Zot
 43580 | Slime:5  | Identified the +2 leather armour of Death Resistance
                  | {Regen+ Int+6 Dex+3}
 43588 | Slime:5  | You add the spells Swiftness and Mephitic Cloud to your
                  | library.
 43588 | Slime:5  | Got the Guidebook on Thunder
 43596 | Slime:5  | You pick up a book of the Tundra and begin reading...
 43605 | Slime:5  | You pick up a book of the Senses and begin reading...
 43608 | Slime:5  | You pick up a book of the Senses and begin reading...
 43917 | D:14     | You showed the slimy rune of Zot to enter a treasure trove
 43918 | Trove    | Entered a treasure trove
 43918 | Trove    | Found the necklace of Bloodlust {Fury *Rage Will++ Int-3
                  | Slay+6}
 43922 | Trove    | Identified the amulet of the Doge {Spirit -Tele rPois rN++
                  | Int+2}
 43925 | Trove    | Identified the ring "Beif" {MP+9 AC+4}
 43928 | Trove    | Identified the ring "Amih" {^Drain rPois rCorr Str+6 Int-2}
 43935 | Trove    | Identified the amulet "Naethrat" {Spirit rF+ Regen+ Slay+2
                  | Stlth+}
 43950 | Trove    | Identified the amulet of Yrphotsi {Acrobat SInv}
 43953 | Trove    | Identified the ring of Xafentug {+Blink rF+ rCorr EV+5}
 43962 | Trove    | Identified the amulet "Beeh" {Acrobat Harm rElec Stlth+}
 43967 | Trove    | Identified the ring "Ypload" {rPois rF+ Stlth+}
 43970 | Trove    | Identified the ring "Ebaskir" {Fly Dex+2 Stlth+}
 43973 | Trove    | Identified the ring of the Heron {Fire Will- Int+3 SInv}
 44123 | Vaults:5 | Entered Level 5 of the Vaults
 44181 | Vaults:4 | Reached XP level 23. HP: 156/156 MP: 25/25
 44295 | Vaults:4 | Lost mutation: You sometimes lose your temper in combat.
                  | [potion of mutation]
 44295 | Vaults:4 | Lost mutation: Your health recovers twice as slowly from
                  | being drained. [potion of mutation]
 44295 | Vaults:4 | Lost mutation: You are very frail. (-20% HP) [potion of
                  | mutation]
 44295 | Vaults:4 | Lost mutation: You are frail. (-10% HP) [potion of
                  | mutation]
 44295 | Vaults:4 | Gained mutation: Your body sometimes deteriorates upon
                  | taking damage. [potion of mutation]
 44295 | Vaults:4 | Gained mutation: Your muscles are strong. (Str +4, Int/Dex
                  | -1) [potion of mutation]
 44295 | Vaults:4 | Gained mutation: You have a pair of small horns on your
                  | head. [potion of mutation]
 44295 | Vaults:4 | Gained mutation: You are dopey. (Int -2) [potion of
                  | mutation]
 44295 | Vaults:4 | Gained mutation: You sometimes lose your temper in combat.
                  | [potion of mutation]
 44295 | Vaults:4 | Gained mutation: You have large cloven feet. [potion of
                  | mutation]
 44296 | Vaults:4 | Lost mutation: Your body sometimes deteriorates upon taking
                  | damage. [potion of mutation]
 44296 | Vaults:4 | Lost mutation: You have a pair of small horns on your head.
                  | [potion of mutation]
 44296 | Vaults:4 | Lost mutation: You are dopey. (Int -2) [potion of mutation]
 44296 | Vaults:4 | Lost mutation: Your muscles are strong. (Str +4, Int/Dex
                  | -1) [potion of mutation]
 44296 | Vaults:4 | Lost mutation: You have large cloven feet. [potion of
                  | mutation]
 44296 | Vaults:4 | Lost mutation: You sometimes lose your temper in combat.
                  | [potion of mutation]
 44296 | Vaults:4 | Gained mutation: You have a pair of small antennae on your
                  | head. [potion of mutation]
 44296 | Vaults:4 | Gained mutation: You are partially covered in iridescent
                  | scales. (AC +2) [potion of mutation]
 44296 | Vaults:4 | Gained mutation: You have large cloven feet. [potion of
                  | mutation]
 44296 | Vaults:4 | Gained mutation: You are somewhat resistant to further
                  | mutation. [potion of mutation]
 44934 | Vaults:5 | Reached skill level 18 in Shields
 44962 | Vaults:5 | You pick up a book of Party Tricks and begin reading...
 45016 | Vaults:5 | Noticed an ancient lich
 45047 | Vaults:5 | Killed an ancient lich
 45190 | Vaults:5 | Identified the +10 mace "Ihash" {venom, Stlth+}
 45263 | Vaults:5 | Reached skill level 19 in Shields
 45358 | Vaults:5 | You pick up a book of Alchemy and begin reading...
 45458 | Vaults:5 | Identified the +9 shortbow of Dismay {heavy, rPois Stlth+}
 45634 | Vaults:5 | Identified the ring of Immorality {Will+ Dex+5}
 45737 | Vaults:5 | Found Tuddaboe's Antique Armour Boutique.
 45738 | Vaults:5 | Got the Catalogue of the Summoned Evil Eye
 45759 | Vaults:5 | Got Zaizub's Folio of Impure Stolen Souls
 45924 | Vaults:5 | Reached skill level 20 in Shields
 46030 | Vaults:5 | Noticed a dread lich
 46052 | Vaults:4 | Killed a dread lich
 46057 | Vaults:5 | Identified the +7 morningstar of the Histrionic God {flame,
                  | rElec rF- Str+2}
 46263 | Vaults:5 | You pick up a book of Debilitation and begin reading...
 46269 | Vaults:5 | Got a silver rune of Zot
 46275 | Vaults:5 | You pick up a book of Blood and begin reading...
 46604 | Depths:1 | Entered Level 1 of the Depths
 46648 | Depths:1 | Found a transporter.
 46662 | Depths:1 | Found a transporter.
 46670 | Depths:1 | Found a transporter.
 46674 | Depths:1 | Found a transporter.
 46685 | Depths:1 | Reached skill level 11 in Dodging
 46923 | Depths:1 | Found a gateway to Hell.
 46924 | Depths:1 | You pick up a book of the Spheres and begin reading...
 46924 | Depths:1 | You add the spells Brom's Barrelling Boulder, Iskenderun's
                  | Battlesphere, Fireball, Conjure Ball Lightning and Orb of
                  | Destruction to your library.
 46926 | Depths:1 | Identified the +8 dagger of Plunder {heavy, Str+7}
 47006 | Depths:1 | Found a transporter.
 47037 | Depths:1 | Found a transporter.
 47274 | Depths:1 | magus.rc [v1.9.6]
 47499 | Depths:2 | Found a runed translucent door.
 47499 | Depths:2 | Noticed a juggernaut
 47500 | Depths:2 | Found a runed translucent door.
 47501 | Depths:2 | Found a runed translucent door.
 47554 | Depths:2 | Reached skill level 12 in Dodging
 47773 | Depths:2 | Found a one-way gate leading to the halls of Pandemonium.
 47779 | Depths:2 | Reached XP level 24. HP: 200/205 MP: 24/25
 48389 | Depths:2 | Killed a juggernaut
 48427 | Depths:2 | Reached skill level 21 in Fighting
 48513 | Depths:2 | Found a runed translucent door.
 48682 | Depths:2 | Identified the amulet "Ysynewno" {Reflect ^Fragile rC+
                  | Dex+3 SH+5 SInv}
 48698 | Depths:2 | Noticed a caustic shrike
 48706 | Depths:2 | Identified the ring "Rubaqa" {rPois AC+4}
 48707 | Depths:2 | Killed a caustic shrike
 48709 | Depths:2 | Noticed a caustic shrike
 48711 | Depths:2 | Identified the ring "Ricsistu" {rElec rPois rC- Will+
                  | Stlth+}
 48717 | Depths:2 | Killed a caustic shrike
 48759 | Depths:2 | Identified the amulet of Soemoageyt {Reflect Int+3 SH+5}
 49081 | Depths:3 | Found Ocsoxef's Antique Weapon Shop.
 49125 | Depths:3 | Found Zaof Mit's Weapon Shop.
 49232 | Depths:3 | Found a one-way gateway to a ziggurat.
 49363 | Depths:3 | Reached skill level 22 in Fighting
 50365 | Depths:4 | Entered Level 4 of the Depths
 50390 | Depths:4 | Noticed Jory
 50412 | Depths:4 | Killed Jory
 50706 | Depths:4 | Found a gate to the Realm of Zot.
 50771 | Zot:1    | Entered Level 1 of the Realm of Zot
 50786 | Zot:1    | Reached skill level 23 in Armour
 50799 | Zot:1    | Found a runed translucent gate.
 50800 | Zot:1    | Found a runed translucent gate.
 50801 | Zot:1    | Found a runed translucent gate.
 50802 | Zot:1    | Noticed an electric golem
 50803 | Zot:1    | Noticed Vanouxzi's ghost (master DsGl)
 50957 | Zot:3    | Noticed an electric golem
 50989 | Zot:3    | Reached skill level 21 in Shields
 51033 | Zot:3    | Killed an electric golem
 51091 | Zot:5    | Entered Level 5 of the Realm of Zot
 51362 | Zot:5    | Reached XP level 25. HP: 203/217 MP: 25/25
 51463 | Zot:5    | Noticed an ancient lich
 51489 | Zot:5    | Noticed a Killer Klown
 51500 | Zot:5    | Noticed a Killer Klown
 51512 | Zot:5    | Killed a Killer Klown
 51513 | Zot:5    | Noticed an orb of fire
 51518 | Zot:5    | Noticed an orb of fire
 51521 | Zot:5    | Noticed a dread lich
 51533 | Zot:5    | Killed a dread lich
 51533 | Zot:5    | Noticed an orb of fire
 51552 | Zot:5    | Killed an orb of fire
 51553 | Zot:5    | Noticed an orb of fire
 51557 | Zot:5    | Killed an electric golem
 51572 | Zot:5    | Killed an orb of fire
 51600 | Zot:5    | Reached skill level 24 in Armour
 51633 | Zot:5    | Got the Orb of Zot
 51721 | Zot:3    | Noticed Gecuf the pandemonium lord
 51721 | Zot:3    | Noticed an ancient lich
 52151 | D:10     | Reached skill level 22 in Shields
 52379 | D:$      | Escaped with the Orb!

Vanquished Creatures
  the Royal Jelly (Slime:5)
  A dread lich (Vaults:4)
  An ancient lich (Vaults:5)
  Mara (Spider:4)
  A juggernaut (Depths:2)
  Bai Suzhen (Elf:3)
  A Killer Klown (Zot:5)
  2 caustic shrikes (Depths:2)
  Jory (Depths:4)
  4 golden dragons
  An electric golem (Zot:3)
  10 tentacled monstrosities
  Arachne (Spider:4)
  A walking crystal tome (Depths:2)
  An Ice Fiend (D:13)
  10 Orb Guardians
  A deep elf blademaster (Elf:3)
  4 liches
  Asterion (Elf:3)
  3 quicksilver dragons
  3 titans
  7 sphinxes
  The ghost of Gympuve the Fighter, an adept TrFi of Uskayaw (D:15)
  An Executioner (D:10)
  24 acid blobs
  Gastronok (Lair:3)
  6 death cobs
  Frances (Shoals:2)
  Kirke (D:13)
  3 storm dragons
  7 shadow dragons
  3 tengu reavers
  Ilsuiw (Shoals:2)
  Roxanne (D:14)
  12 fire giants
  2 draconian shifters
  6 emperor scorpions
  A demonspawn warmonger (D:13)
  18 rockslimes
  A balrug (Depths:2)
  A draconian knight (Zot:5)
  11 azure jellies
  23 vault wardens
  5 ghost moths
  2 draconian scorchers
  9 deep elf sorcerers
  9 frost giants
  Louise (Shoals:1)
  5 deep elf elementalists (Elf:3)
  An iron dragon (Depths:3)
  A juggernaut zombie (Depths:2)
  A caustic shrike zombie (Depths:2)
  2 imperial myrmidons (Desolation)
  An orc warlord (Orc:1)
  25 ironbound preservers
  17 quicksilver oozes
  A draconian annihilator (Depths:4)
  2 broodmothers (Spider:1)
  11 stone giants
  11 formless jellyfish
  13 very ugly things
  2 spriggan defenders (Depths:2)
  7 ironbound thunderhulks
  A war gargoyle (Vaults:5)
  9 deep elf demonologists
  4 deep elf annihilators
  The ghost of Uduj the Thaumaturge, a journeyman DjCj of Makhleb (Lair:5)
  3 black draconians
  A vampire knight (Depths:2)
  A green draconian (Depths:4)
  3 halazid warlocks (Desolation)
  2 red draconians
  6 spark wasps
  9 deep elf death magi
  2 lorocyprocas
  2 white draconians (Zot:3)
  11 dire elephants
  A minotaur (Gauntlet)
  2 purple draconians (Zot:5)
  3 yellow draconians
  A crystal guardian (Desolation)
  7 merfolk impalers
  9 merfolk javelineers
  7 deep elf high priests
  10 ettins
  8 fire dragons
  A green death (D:10)
  9 ragged hierophants (Desolation)
  11 yaktaur captains
  4 ice dragons
  6 entropy weavers
  45 vault guards
  12 great orbs of eyes
  3 hydras
  6 servants of whispers (Desolation)
  9 peacekeepers
  5 ogre magi
  3 rakshasas
  A catoblepas (Lair:5)
  Erica (D:8)
  5 spriggan air magi
  A death knight (D:13)
  8 ironbound frosthearts
  10 merfolk aquamancers
  An anaconda (shapeshifter) (Vaults:5)
  4 radroaches
  7 centaur warriors
  A jorogumo (Spider:1)
  2 merfolk avatars
  2 satyrs
  5 alligator snapping turtles
  10 boulder beetles
  A death yak (Gauntlet)
  19 two-headed ogres
  13 dancing weapons
  4 demonic crawlers
  5 deep troll shamans
  10 deep troll earth magi
  2 orc high priests
  2 vampire magi
  4 thrashing horrors (Lair:5)
  9 hell knights (Depths:2)
  9 spriggan berserkers
  Urug (Lair:3)
  5 tengu warriors
  A sphinx skeleton (D:15)
  8 deep elf knights
  5 skysharks
  2 skeletal warriors (D:15)
  6 iron trolls
  Amaemon (Lair:3)
  A sixfirhy (Depths:4)
  8 large abominations (Depths:3)
  A fire crab (shapeshifter) (Lair:5)
  6 pharaoh ants
  A spark wasp zombie (Depths:2)
  2 sun moths
  43 deep trolls
  11 orb spiders
  12 sea snakes
  10 deep elf archers
  3 glowing orange brains
  2 flayed ghosts
  A tengu zombie (Depths:2)
  31 deep elf zephyrmancers
  A phantasmal warrior (Vaults:5)
  11 lindwurms
  17 harpies
  5 arcanists
  28 deep elf pyromancers
  6 necromancers
  5 steelbarb worms
  27 ironbound convokers
  3 orc knights
  24 wolf spiders
  22 fauns
  16 ugly things
  An oklob plant (Lair:3)
  2 orc sorcerers
  17 manticores
  A cyclops (shapeshifter) (Vaults:5)
  A manticore (shapeshifter) (Depths:1)
  10 cyclopes
  3 shining eyes
  7 merfolk sirens
  6 moths of wrath
  5 elephants (Lair:4)
  8 guardian serpents (Desolation)
  An iron dragon skeleton (Depths:2)
  3 eyes of devastation (Slime:5)
  A rust devil (Gauntlet)
  3 black mambas
  25 vault sentinels
  4 molten gargoyles (Desolation)
  3 water nymphs
  A torpor snail (shapeshifter) (Vaults:5)
  2 orange demons
  2 torpor snails
  3 gargoyles
  4 smoke demons
  Maggie (D:7)
  15 cane toads
  3 kobold demonologists (D:12)
  29 yaktaurs
  A tengu conjurer (Depths:3)
  2 unseen horrors (Depths:3)
  A freezing wraith (Vaults:5)
  6 rime drakes
  11 komodo dragons
  2 polar bears
  4 trolls
  8 wind drakes
  3 meliai (D:13)
  29 merfolk
  A hellwing (D:11)
  11 hornets
  A wind drake (shapeshifter) (Vaults:5)
  A polar bear (shapeshifter) (Elf:2)
  19 tarantellas
  62 saltlings (Desolation)
  7 glass eyes
  30 blink frogs
  A snapping turtle (shapeshifter) (Vaults:5)
  13 snapping turtles
  2 raiju
  2 air elementals
  2 centaur simulacra (D:10)
  21 culicivoras
  100 slime creatures
  2 vampires (D:10)
  A spriggan (shapeshifter) (Elf:1)
  11 spriggans
  11 water elementals
  29 jumping spiders
  67 yaks
  3 ynoxinuls
  2 spriggan skeletons (D:15)
  4 wraiths (D:12)
  4 hogs (D:14)
  5 wyverns
  19 humans (D:13)
  2 wargs (Orc:1)
  2 fire elementals
  15 golden eyes
  7 basilisks
  2 chaos spawn (Depths:3)
  37 redbacks
  3 steam dragons
  A redback (shapeshifter) (Depths:2)
  Menkaure (D:7)
  A harpy simulacrum (IceCv)
  3 vampire mosquitoes (D:11)
  2 swamp worms (shapeshifter)
  19 water moccasins
  3 acid dragons
  A swamp drake (D:12)
  A meliai simulacrum (D:15)
  20 orc warriors
  6 ice beasts
  4 sky beasts
  4 black bears
  35 ogres
  15 small abominations
  18 wolves
  6 centaurs
  A phantom (D:5)
  6 kobold brigands
  12 bullfrogs
  4 earth elementals (Elf:1)
  4 scorpions
  4 wights (D:7)
  A killer bee (D:9)
  2 electric eels
  A howler monkey (D:4)
  4 hounds
  A gnoll bouda (D:7)
  A jelly (D:4)
  13 orc priests
  3 iron imps (Gauntlet)
  A sleepcap (D:5)
  15 orc wizards
  6 iguanas
  6 gnolls
  7 adders
  A shadow imp (D:7)
  A white imp (D:10)
  A howler monkey simulacrum (D:10)
  3 ufetubi
  A dart slug (D:4)
  64 orcs
  6 ball pythons
  6 endoplasms
  A giant cockroach (D:1)
  4 goblins
  6 hobgoblins
  2 jackals (D:2)
  16 kobolds
  5 quokkas
  3 bats
  3 frilled lizards (D:2)
  4 rats
  A ball lightning (Lair:5)
2074 creatures vanquished.

Vanquished Creatures (collateral kills)
  3 Orb Guardians (Zot:5)
  A tengu reaver (Vaults:2)
  Donald (Spider:3)
  A yaktaur captain (Vaults:2)
  A caustic shrike simulacrum (IceCv)
  3 death yaks (Gauntlet)
  A sea snake (Shoals:2)
  A pharaoh ant (Spider:3)
  A necromancer (Gauntlet)
  A manticore (Shoals:2)
  2 merfolk sirens (Shoals:2)
  2 vault sentinels (Vaults:2)
  A tarantella (Spider:3)
  An alligator simulacrum (IceCv)
  Sigmund (D:7)
  2 dire elephant simulacra (IceCv)
  Edmund (D:7)
  2 hydra simulacra (IceCv)
  An ettin simulacrum (IceCv)
  A gnoll sergeant (D:9)
  A gnoll bouda (D:9)
  5 gnolls (D:9)
34 creatures vanquished.

Vanquished Creatures (others)
  A dread lich (Zot:5)
  An ancient lich (Zot:5)
  2 orbs of fire (Zot:5)
  An electric golem (Zot:5)
  2 tentacled monstrosities
  6 Orb Guardians (Zot:5)
  A storm dragon (Zot:5)
  A shadow dragon (Vaults:5)
  A ghost moth (Zot:5)
  A vampire knight (Depths:2)
  A purple draconian (Zot:5)
  A deep elf knight (Elf:2)
  2 deep trolls (Vaults:5)
  2 ironbound convokers (Vaults:1)
  A deep elf zephyrmancer (Elf:1)
  A moth of wrath (Zot:5)
  A black mamba (Lair:5)
  2 cane toads (Lair:5)
  A yaktaur (Vaults:5)
  A redback (Spider:2)
  A water moccasin (Lair:5)
  An orc (D:3)
  A ball lightning (Lair:5)
  15 spectral weapons
48 creatures vanquished.

Grand Total: 2156 creatures vanquished

Table legend:
 A = Non-vault XP
 B = Vault XP
 C = Vault XP percentage of total XP
 D = Non-vault monster count
 E = Vault monster count
 F = Vault count percentage of total count
                 A         B        C        D         E       F
            +---------+---------+-------+---------+---------+-------
      Total |  576334 |  605901 |  51.3 |    1231 |     859 |  41.1
            +---------+---------+-------+---------+---------+-------
        D:1 |      30 |       0 |   0.0 |      17 |       0 |   0.0
        D:2 |      40 |       0 |   0.0 |      12 |       0 |   0.0
        D:3 |     122 |       0 |   0.0 |      17 |       0 |   0.0
        D:4 |     296 |       0 |   0.0 |      24 |       0 |   0.0
        D:5 |     493 |     167 |  25.3 |      11 |       2 |  15.4
        D:6 |     828 |       0 |   0.0 |      18 |       0 |   0.0
        D:7 |    1134 |     966 |  46.0 |      19 |       4 |  17.4
        D:8 |    2377 |     844 |  26.2 |      20 |       1 |   4.8
        D:9 |    2441 |     491 |  16.7 |      24 |       4 |  14.3
       D:10 |    2745 |    1413 |  34.0 |      14 |      13 |  48.1
       D:11 |    1926 |     879 |  31.3 |      17 |       6 |  26.1
       D:12 |    3213 |    2092 |  39.4 |      12 |      22 |  64.7
       D:13 |    4084 |    9596 |  70.1 |       9 |      26 |  74.3
       D:14 |    5731 |    2083 |  26.7 |      11 |       5 |  31.2
       D:15 |    6816 |    5683 |  45.5 |      15 |       9 |  37.5
     Lair:1 |    2376 |    1997 |  45.7 |      13 |      10 |  43.5
     Lair:2 |    4649 |    2847 |  38.0 |      21 |      12 |  36.4
     Lair:3 |    6688 |    4105 |  38.0 |      25 |       9 |  26.5
     Lair:4 |    8274 |       0 |   0.0 |      30 |       0 |   0.0
     Lair:5 |   12663 |   18131 |  58.9 |      43 |      49 |  53.3
   Shoals:1 |   13967 |    6076 |  30.3 |      24 |       9 |  27.3
   Shoals:2 |   15726 |    5510 |  25.9 |      30 |       6 |  16.7
   Shoals:3 |   16369 |    3501 |  17.6 |      34 |       5 |  12.8
   Shoals:4 |   17485 |   24242 |  58.1 |      36 |      42 |  53.8
   Spider:1 |   25302 |       0 |   0.0 |      63 |       0 |   0.0
   Spider:2 |   14877 |    2962 |  16.6 |      38 |       3 |   7.3
   Spider:3 |   12374 |    1312 |   9.6 |      25 |       1 |   3.8
   Spider:4 |   11292 |   27811 |  71.1 |      27 |      36 |  57.1
    Slime:1 |    3239 |       0 |   0.0 |       9 |       0 |   0.0
    Slime:2 |   19966 |       0 |   0.0 |      34 |       0 |   0.0
    Slime:3 |   13198 |       0 |   0.0 |      21 |       0 |   0.0
    Slime:4 |   17975 |   18510 |  50.7 |      25 |      22 |  46.8
    Slime:5 |   12866 |   32425 |  71.6 |      32 |      22 |  40.7
      Orc:1 |    6473 |       0 |   0.0 |      39 |       0 |   0.0
      Orc:2 |    3475 |   19431 |  84.8 |      22 |      44 |  66.7
      Elf:1 |   12845 |   17316 |  57.4 |      21 |      32 |  60.4
      Elf:2 |   19283 |    1662 |   7.9 |      39 |       2 |   4.9
      Elf:3 |   12091 |   40239 |  76.9 |      19 |      34 |  64.2
   Vaults:1 |   11643 |   32533 |  73.6 |      19 |      41 |  68.3
   Vaults:2 |   17318 |   25558 |  59.6 |      33 |      33 |  50.0
   Vaults:3 |   43051 |   17821 |  29.3 |      62 |      24 |  27.9
   Vaults:4 |   23929 |   54909 |  69.6 |      31 |      52 |  62.7
   Vaults:5 |   14784 |   58925 |  79.9 |      21 |      55 |  72.4
   Depths:1 |   21797 |       0 |   0.0 |      25 |       0 |   0.0
   Depths:2 |   42905 |   46829 |  52.2 |      54 |      41 |  43.2
   Depths:3 |   33549 |   11405 |  25.4 |      36 |      22 |  37.9
   Depths:4 |    2134 |   16848 |  88.8 |       4 |      14 |  77.8
      Zot:1 |    2976 |       0 |   0.0 |       3 |       0 |   0.0
      Zot:2 |     498 |       0 |   0.0 |       1 |       0 |   0.0
      Zot:3 |   27649 |       0 |   0.0 |      18 |       0 |   0.0
      Zot:5 |   18372 |   27114 |  59.6 |      14 |      15 |  51.7
      IceCv |       0 |    3229 | 100.0 |       0 |       9 | 100.0
 Desolation |       0 |   52229 | 100.0 |       0 |     109 | 100.0
   Gauntlet |       0 |    6210 | 100.0 |       0 |      14 | 100.0
            +---------+---------+-------+---------+---------+-------

Skill      XL: |  1  2  3  4  5  6  7  8  9 10 11 12 13 14 15 16 17 18 19 20 21 22 23 24 25 |
---------------+----------------------------------------------------------------------------+-----
Fighting       | 2 3 5 6 7 8 10 12 13 14 16 17 20 22 | 22.0
Maces & Flails | 3 4 6 8 9 10 11 13 14 15 16 | 16.0
Translocations | 1 2 |  2.0
Stealth        | 3 |  3.0
Armour         | 2 3 5 6 8 12 13 18 22 23 24 | 24.3
Shields        | 5 7 10 16 17 20 21 22 | 22.0
Evocations     | 5 6 10 | 10.0
Dodging        | 4 7 10 12 | 12.0
Axes           | 7 13 15 | 15.6
Spellcasting   | |  1.7
Conjurations   | |  2.6

Action                     |  1- 3 |  4- 6 |  7- 9 | 10-12 | 13-15 | 16-18 | 19-21 | 22-24 | 25-27 || total
---------------------------+-------+-------+-------+-------+-------+-------+-------+-------+-------++-------
  Melee: Mace              |   107 |    51 |       |   316 |  1018 |       |       |       |       ||  1492
         Tailslap          |     9 |    14 |    45 |   128 |   253 |   297 |   435 |   527 |    33 ||  1741
         Punch             |     1 |     2 |     3 |       |       |       |       |       |       ||     6
         Whip              |       |    81 |   366 |   344 |       |       |       |       |       ||   791
         Eveningstar       |       |       |       |       |    50 |  1493 |   824 |       |       ||  2367
         Unarmed           |       |       |       |       |     4 |       |       |       |       ||     4
         Broad axe         |       |       |       |       |       |       |  1008 |  1959 |   138 ||  3105
         Kick              |       |       |       |       |       |       |       |   777 |    60 ||   837
  Throw: Dart              |       |     2 |     7 |    14 |     4 |       |       |       |       ||    27
         Throwing net      |       |     1 |       |       |       |       |       |       |       ||     1
   Cast: Momentum Strike   |     3 |     9 |     5 |       |       |       |       |       |       ||    17
 Invoke: Call Merchant     |       |       |     1 |     1 |     2 |     1 |     4 |     1 |       ||    10
         Potion Petition   |       |       |       |       |       |       |       |     1 |       ||     1
         Bribe Branch      |       |       |       |       |       |       |       |       |     2 ||     2
  Evoke: Wand              |       |       |    14 |     8 |       |     6 |     2 |     5 |     3 ||    38
         Sack of spiders   |       |       |       |     1 |       |     2 |     1 |       |       ||     4
         Lightning rod     |       |       |       |       |     4 |     5 |       |     5 |       ||    14
         Phantom mirror    |       |       |       |       |       |     2 |       |       |       ||     2
    Use: Scroll            |     2 |    12 |     6 |    12 |    21 |     8 |     8 |    20 |     7 ||    96
         Potion            |       |     2 |     1 |     2 |     4 |     1 |     3 |    17 |     6 ||    36
   Stab: Invisible         |       |     1 |     1 |       |     1 |       |       |     6 |    10 ||    19
         Distracted        |       |     2 |       |    14 |    28 |     9 |    21 |    14 |       ||    88
         Sleeping          |       |     1 |       |       |       |       |       |       |       ||     1
         Held in net/web   |       |       |       |       |       |     1 |       |       |       ||     1
         Petrified         |       |       |       |       |       |       |     1 |       |       ||     1
 Armour: Leather armour    |    61 |    63 |       |       |       |       |       |       |       ||   124
         Ring mail         |       |     6 |   159 |       |       |       |       |       |       ||   165
         Chain mail        |       |       |    71 |   427 |   416 |       |       |       |       ||   914
         Skin              |       |       |     9 |       |     4 |       |       |       |       ||    13
         Gold dragon scale |       |       |       |       |   319 |  1564 |  1487 |  1088 |    82 ||  4540
  Dodge: Dodged            |    49 |    46 |    95 |   112 |   152 |   231 |   239 |   148 |    15 ||  1087
  Block: Buckler           |       |       |    14 |   133 |   457 |   732 |   626 |       |       ||  1962
         Reflection        |       |       |       |       |    19 |    53 |    38 |    16 |       ||   126
         Other             |       |       |       |       |     3 |       |       |       |       ||     3
         Tower shield      |       |       |       |       |       |       |   169 |  2092 |   169 ||  2430

Illustrated notes

Table legend:
 A = Kills in this place as a percentage of kills in the entire game.
 B = Kills by you in this place as a percentage of kills by you in the entire game.
 C = Kills by friends in this place as a percentage of kills by friends in the entire game.
 D = Other kills in this place as a percentage of other kills in the entire game.
 E = Experience gained in this place as a percentage of experience gained in the entire game.
 F = Experience gained in this place divided by the number of levels of this place that you have seen.
                   A       B       C       D       E      F
               +-------+-------+-------+-------+-------+----------------------
         Total | 100.0 | 100.0 | 100.0 | 100.0 | 100.0 | 21283.7
       Dungeon |  16.2 |  16.1 |  26.5 |   0.0 |   5.3 | 4245.5
          Lair |  10.1 |  10.3 |   0.0 |  10.0 |   5.2 | 12346.0
        Shoals |   8.9 |   8.9 |  11.8 |   0.0 |   8.6 | 25719.0
   Spider Nest |   9.2 |   9.2 |   8.8 |   0.0 |   8.0 | 23982.5
    Slime Pits |   7.9 |   8.0 |   0.0 |   0.0 |   9.9 | 23635.8
  Orcish Mines |   5.0 |   5.1 |   0.0 |   0.0 |   2.5 | 14689.5
   Elven Halls |   7.0 |   7.1 |   0.0 |  20.0 |   8.7 | 34478.7
        Vaults |  17.7 |  17.7 |  11.8 |  40.0 |  25.2 | 60094.2
        Depths |   9.4 |   9.6 |   0.0 |  10.0 |  14.9 | 44481.5
           Zot |   2.4 |   2.2 |   8.8 |  20.0 |   6.4 | 15321.8
      Ice Cave |   0.4 |   0.1 |  20.6 |   0.0 |   0.3 | 3229.0
    Desolation |   5.2 |   5.3 |   0.0 |   0.0 |   4.4 | 52229.0
      Gauntlet |   0.7 |   0.5 |  11.8 |   0.0 |   0.5 | 6210.0
               +-------+-------+-------+-------+-------+----------------------

Table legend: (Time is in decaauts)
 A = Elapsed time spent in this place.
 B = Non-inter-level travel time spent in this place.
 C = Inter-level travel time spent in this place.
 D = Time resting spent in this place.
 E = Time spent auto-exploring this place.
 F = Levels seen in this place.
 G = Mean time per level.
                   A        B        C        D        E       F      G
               +--------+--------+--------+--------+--------+-----+--------+
         Total |  50689 |  45967 |   4722 |   3223 |  29712 |  56 |  905.2 |
       Dungeon |  15676 |  13342 |   2334 |   1244 |   8999 |  15 | 1045.1 |
          Lair |   5456 |   4867 |    589 |    120 |   3612 |   5 | 1091.2 |
        Shoals |   3301 |   3096 |    205 |     56 |   1897 |   4 |  825.2 |
   Spider Nest |   5266 |   5065 |    201 |    343 |   3859 |   4 | 1316.5 |
    Slime Pits |   2651 |   2519 |    132 |    625 |    882 |   5 |  530.2 |
  Orcish Mines |   1435 |   1261 |    174 |    118 |    755 |   2 |  717.5 |
   Elven Halls |   3113 |   2772 |    341 |    193 |   1707 |   3 | 1037.7 |
        Vaults |   7069 |   6602 |    467 |    261 |   4381 |   5 | 1413.8 |
        Depths |   4086 |   3861 |    225 |     79 |   2634 |   4 | 1021.5 |
           Zot |    962 |    912 |     50 |    137 |    107 |   5 |  192.4 |
         Trove |     60 |     60 |      0 |      0 |      0 |   1 |   60.0 |
      Ice Cave |     87 |     87 |      0 |      3 |     24 |   1 |   87.0 |
    Desolation |   1135 |   1135 |      0 |     23 |    702 |   1 | 1135.0 |
      Gauntlet |    385 |    385 |      0 |     20 |    153 |   1 |  385.0 |
               +--------+--------+--------+--------+--------+-----+--------+

Top non-repeatable levels by time:
    D:12: 1789 daAuts
Vaults:3: 1611 daAuts
Depths:2: 1602 daAuts
Vaults:4: 1574 daAuts
Spider:3: 1556 daAuts
     D:3: 1533 daAuts
  Lair:5: 1469 daAuts
Vaults:5: 1459 daAuts
   Elf:3: 1407 daAuts
Depths:3: 1346 daAuts
Spider:1: 1341 daAuts
Spider:4: 1337 daAuts
     D:7: 1318 daAuts
    D:13: 1289 daAuts
     D:5: 1215 daAuts
